 Dungeon Crawl Stone Soup version 0.31.0-1-g2c135a0 (webtiles) character file.

Game seed: 5403439109844054752

2748 Think the Nimble (level 9, -11/61 HPs)
             Began as an Octopode Fighter on Apr 12, 2024.
             Was an Elder of Jiyva.
             Mangled by a two-headed ogre
             ... wielding a +0 giant spiked club
              (25 damage)
             ... on level 8 of the Dungeon on Apr 14, 2024.
             The game lasted 00:11:14 (6133 turns).

Think the Nimble (Octopode Fighter)                 Turns: 6133, Time: 00:11:15

Health: -11/61     AC:  1    Str: 21    XL:     9   Next: 68%
Magic:  18/18      EV: 22    Int: 10    God:    Jiyva [****..]
Gold:   176        SH:  6    Dex: 16    Spells: 8/8 levels left

rFire   + . .        a - +0 long sword
rCold   + + .        b - +1 buckler
rNeg    . . .        (helmet currently unavailable)
rPois   .            (no amulet)
rElec   .            i - +6 ring of strength
rCorr   +            k - ring of magical power
SInv    +            m - +5 ring of evasion
Will    .....        s - ring of see invisible
Stlth   ++++         o - ring of protection from cold
HPRegen 1.58/turn    x - ring "Ceipsan" {rF+ rC+}
MPRegen 0.80/turn    (no ring)
                     (no ring)

%: no passive effects
@: beast-form
A: beast (slay +2), almost no armour, amphibious, 8 rings, camouflage 1,
gelatinous body 1, (nimble swimmer 1), tentacles, tentacle spike 3, MP-powered
wands
a: Begin Untransformation, Renounce Religion, Oozemancy, Slimify


You were on level 8 of the Dungeon.
You worshipped Jiyva.
Jiyva was greatly pleased with you.
You were a hulking beast.
You visited 1 branch of the dungeon, and saw 8 of its levels.
You also visited: Sewer.

You collected 176 gold pieces.

Inventory:

Hand Weapons
 a - a +0 long sword (weapon)
Armour
 b - a +1 buckler (worn)
Jewellery
 i - a +6 ring of strength (left tentacle)
 k - a ring of magical power (right tentacle)
 m - a +5 ring of evasion (on tentacle)
 o - a ring of protection from cold (on tentacle)
 s - a ring of see invisible (on tentacle)
 u - an amulet of faith
 x - the ring "Ceipsan" (on tentacle) {rF+ rC+}
   (You found it on level 7 of the Dungeon)

   [ring of protection from fire]

   rF+:       It protects you from fire.
   rC+:       It protects you from cold.
Talismans
 d - a beast talisman (active)
 f - a beast talisman (active)
 j - a flux talisman
Wands
 e - a wand of polymorph (12)
 q - a wand of roots (2)
Scrolls
 n - a scroll of fear {unknown}
 p - a scroll of immolation
 w - a scroll of fog {unknown}
Potions
 c - a potion of magic {unknown}
 g - a potion of invisibility {unknown}
 h - a potion of enlightenment {unknown}
 l - a potion of curing {unknown}
 r - a potion of degeneration
 v - a potion of brilliance


   Skills:
 + Level 5.4 Fighting
 * Level 6.4(6.6) Short Blades
 - Level 2.0(4.5) Long Blades
 + Level 9.2 Dodging
 - Level 4.0 Stealth
 - Level 3.0 Shields
 + Level 3.8 Shapeshifting


You had 8 spell levels left.
You didn't know any spells.
Your spell library contained the following spells:

 Spells                   Type           Power      Damage    Failure   Level
 Freeze                   Ice            0%         1d3       43%         1
 Summon Small Mammal      Summ           0%         N/A       43%         1
 Call Canine Familiar     Summ           0%         N/A       80%         3
 Frozen Ramparts          Ice            0%         1d1       80%         3
 Hailstorm                Conj/Ice       0%         3d5       80%         3
 Sigil of Binding         Hex            0%         N/A       80%         3
 Dimensional Bullseye     Hex/Tloc       0%         N/A       99%         4
 Summon Blazeheart Golem  Fire/Summ      0%         N/A       99%         4


Dungeon Overview and Level Annotations

Branches:
Dungeon (8/15)             Temple (0/1) D:5           Sewer (visited)
   Lair: D:8-11

Altars:
Ashenzari
Kikubaaqudgha
Nemelex Xobeh
Ru
Sif Muna
Vehumet
Xom
Yredelemnul

Shops:
D:2 :

Annotations:
D:5 exclusion: 2 doors


Innate Abilities, Weirdness & Mutations

You are a hulking beast.
Your limbs bulge with bestial killing power. (Slay +2)
You cannot wear most types of armour.
You are amphibious.
You can wear up to eight rings at the same time.
Your skin changes colour to match your surroundings (Stealth+).
Your rubbery body absorbs attacks. (AC +1, EV +1)
((You are camouflaged when in or above water. (Stealth+)))
You have tentacles for arms and can constrict up to eight enemies at once.
One of your tentacles bears a large vicious spike.
You expend magic power (3 MP) to strengthen your wands.


Message History

You slash the gnoll bouda! You grab the gnoll bouda.
You pierce the gnoll bouda, but do no damage.
You squeeze the gnoll bouda, but do no damage.
The gnoll bouda is moderately wounded.
You constrict the gnoll bouda. The gnoll bouda closely misses you.
The gnoll closely misses you.
A two-headed ogre comes into view.
It is wielding two +0 giant spiked clubs.
The gnoll misses you.
You hit the gnoll bouda. You squeeze the gnoll bouda!
You kill the gnoll bouda!
You block the gnoll's attack. The gnoll completely misses you.
The gnoll barely misses you.
You slash the gnoll! Your grab misses the gnoll.
You pierce the gnoll.
You kill the gnoll!
The gnoll closely misses you. The gnoll misses you.
You slash the two-headed ogre! You squeeze the two-headed ogre!
The two-headed ogre is moderately wounded.
The two-headed ogre closely misses you.
The two-headed ogre completely misses you.
The gnoll misses you. The gnoll closely misses you.
You hit the two-headed ogre.
Your squeeze misses the two-headed ogre.
The two-headed ogre is heavily wounded.
The gnoll misses you. The gnoll barely misses you.
The two-headed ogre misses you. x2; You block the gnoll's attack.
The gnoll barely misses you.
You slash the two-headed ogre!
The two-headed ogre is severely wounded.
The two-headed ogre hits you with a +0 giant spiked club!!!
Ouch! That really hurt!
The two-headed ogre misses you.
The gnoll hits you from afar with a +0 halberd!
* * * LOW HITPOINT WARNING * * *
The gnoll completely misses you.
You barely miss the two-headed ogre.
The two-headed ogre is severely wounded.
You block the gnoll's attack. The gnoll barely misses you.
The two-headed ogre closely misses you.
The two-headed ogre hits you with a +0 giant spiked club!!
You die...

F.≈≈... ≈≈≈...#
≈≈...# ## §...# #.#
...# #..## gg#####
###...##O##...#
#......h....#
#...........#
#.....####..#
#...........# ..#
#####†......#####...
#.......#.......
#.......#.......
#.......#.......
#.......#.......


You could see a two-headed ogre, a bullfrog and 2 gnolls.

Vanquished Creatures
  Pikel (D:4)
  Grinder (D:5)
  A vampire (D:5)
  A wyvern (D:7)
  A steam dragon (D:7)
  Eustachio (D:5)
  An acid dragon (D:7)
  An orc warrior (D:7)
  3 ice beasts
  A sky beast (D:7)
  An ogre (D:7)
  A weeping skull (D:7)
  A gnoll sergeant (D:4)
  2 bullfrogs
  A scorpion (D:4)
  2 wights (D:7)
  A howler monkey (D:5)
  3 jellies (Sewer)
  4 bombardier beetles
  A gnoll bouda (D:8)
  3 sleepcaps
  Natasha (twice) (D:4)
  10 adders
  6 gnolls
  4 river rats
  A dart slug (D:5)
  4 ribbon worms
  11 orcs
  5 bats
  16 endoplasms
  5 giant cockroaches
  3 hobgoblins
  3 quokkas
  9 ball pythons
  5 frilled lizards
  5 goblins
  4 kobolds
  11 rats
136 creatures vanquished.

Vanquished Creatures (others)
  A water moccasin (D:5)
  A phantom (D:6)
  A bullfrog (D:7)
  A wight (D:7)
  14 jellies
  A bombardier beetle (D:5)
  Natasha (D:4)
  4 orc wizards
  An adder (D:5)
  11 orcs
  2 hobgoblins (D:4)
  A spectral orc (D:7)
39 creatures vanquished.

Grand Total: 175 creatures vanquished

Notes
Turn   | Place    | Note
-------+----------+-------------------------------------------
     0 | D:1      | Think the Octopode Fighter began the quest for the Orb.
     0 | D:1      | Reached XP level 1. HP: 16/16 MP: 1/1
   118 | D:1      | Found a faded altar of an unknown god.
   120 | D:1      | Reached XP level 2. HP: 10/19 MP: 2/2
   520 | D:1      | Reached skill level 4 in Dodging
   702 | D:1      | Reached XP level 3. HP: 20/26 MP: 3/3
  1187 | D:2      | Found Honapir's Book Emporium.
  1767 | D:3      | Found an ancient bone altar of Kikubaaqudgha.
  1839 | D:3      | Reached XP level 4. HP: 30/31 MP: 4/4
  1959 | D:3      | Reached skill level 5 in Dodging
  2330 | D:4      | Found a glowing drain.
  2338 | Sewer    | Entered a sewer
  2414 | Sewer    | Reached XP level 5. HP: 36/36 MP: 5/5
  2493 | Sewer    | Reached skill level 6 in Dodging
  2687 | Sewer    | Reached XP level 6. HP: 40/42 MP: 6/6
  2705 | Sewer    | Found a viscous altar of Jiyva.
  2719 | Sewer    | Became a worshipper of Jiyva Juneo the Shapeless
  2819 | D:4      | Reached skill level 7 in Dodging
  2987 | D:4      | Noticed Natasha
  2995 | D:4      | Killed Natasha
  3000 | D:4      | Reached XP level 7. HP: 46/46 MP: 7/7
  3002 | D:4      | Found a sacrificial altar of Ru.
  3009 | D:4      | Killed Natasha
  3010 | D:4      | Noticed Natasha
  3013 | D:4      | Killed Natasha
  3025 | D:4      | Noticed Pikel
  3054 | D:4      | Killed Pikel
  3055 | D:4      | Reached skill level 8 in Dodging
  3055 | D:4      | Reached skill level 1 in Shapeshifting
  3055 | D:4      | Reached XP level 8. HP: 16/52 MP: 8/8
  3261 | D:4      | Found a shimmering altar of Xom.
  3455 | D:5      | Entered Level 5 of the Dungeon
  3478 | D:5      | Reached * piety under Jiyva
  3495 | D:5      | Noticed Eustachio
  3504 | D:5      | Killed Eustachio
  3752 | D:5      | Reached ** piety under Jiyva
  3780 | D:5      | Found a staircase to the Ecumenical Temple.
  3924 | D:5      | Found a broken altar of Ashenzari.
  4124 | D:5      | Noticed a vampire
  4132 | D:5      | Killed a vampire
  4459 | D:5      | Noticed Grinder
  4471 | D:5      | Killed Grinder
  4492 | D:5      | Found a sparkling altar of Nemelex Xobeh.
  4838 | D:6      | Reached *** piety under Jiyva
  4877 | D:6      | Reached XP level 9. HP: 35/59 MP: 9/9
  5101 | D:6      | Reached skill level 5 in Short Blades
  5303 | D:7      | Identified the ring "Ceipsan" {rF+ rC+}
  5311 | D:7      | Found a radiant altar of Vehumet.
  5477 | D:7      | Reached skill level 9 in Dodging
  5483 | D:7      | Reached skill level 5 in Fighting
  5498 | D:7      | Gained mutation: One of your tentacles bears a spike.
                  | [Jiyva's grace]
  5498 | D:7      | Gained mutation: One of your tentacles bears a nasty spike.
                  | [Jiyva's grace]
  5498 | D:7      | Gained mutation: One of your tentacles bears a large
                  | vicious spike. [Jiyva's grace]
  5498 | D:7      | Gained mutation: You expend magic power (3 MP) to
                  | strengthen your wands. [Jiyva's grace]
  5506 | D:7      | Reached **** piety under Jiyva
  5656 | D:7      | Found a shimmering blue altar of Sif Muna.
  5847 | D:7      | Found a basalt altar of Yredelemnul.
  6127 | D:8      | Noticed a two-headed ogre
  6133 | D:8      | Mangled by a two-headed ogre

Illustrated notes

Levels and vault maps discovered:
D:1:      scummos_arrival_star, layout_basic, basic_ecumenical_altar,
          serial_bayou_lake_a
D:2:      layout_basic, serial_shops, shop
D:3:      layout_basic, mainiacjoe_overflow_tiny_flanked
D:4:      layout_basic, mainiacjoe_overflow_boulevard,
          mainiacjoe_overflow_concentric_impassable,
          cheibrodos_sewer_entry_sluice, uniq_natasha, uniq_pikel
D:5:      cheibrodos_two_vegetables, layout_loops_corners,
          nicolae_overflow_crystal_walls, mainiacjoe_overflow_brackets,
          minmay_temple_entry_grid, uniq_grinder, uniq_eustachio
D:6:      layout_basic
D:7:      layout_basic, lemuel_blue_sif_altar, lemuel_crystal_altar,
          yredelemnul_forgotten_temple_becter
D:8:      layout_basic, mainiacjoe_overflow_paths,
          mainiacjoe_overflow_six_doors_small, serial_shops,
          nicolae_shop_tiny_glass, kennysheep_diamond

Skill      XL: |  1  2  3  4  5  6  7  8  9 |
---------------+----------------------------+-----
Dodging        | 4 5 6 7 8 9 |  9.2
Short Blades   | 2 4 6 |  6.4
Stealth        | 3 4 |  4.0
Shapeshifting  | 1 2 3 |  3.8
Fighting       | 4 5 |  5.4
Long Blades    | |  2.0
Shields        | |  3.0

Action                     |  1- 3 |  4- 6 |  7- 9 || total
---------------------------+-------+-------+-------++-------
  Melee: Long sword        |    49 |   117 |   135 ||   301
         Constrict         |    11 |    26 |    30 ||    67
         Tentacles         |     7 |    22 |    40 ||    69
         Punch             |       |     2 |     3 ||     5
         Kick              |       |       |    16 ||    16
  Throw: Dart              |       |     3 |     3 ||     6
  Evoke: Wand              |       |       |     5 ||     5
    Use: Scroll            |       |     5 |     2 ||     7
         Potion            |       |     2 |     1 ||     3
   Stab: Sleeping          |     8 |     4 |     7 ||    19
         Distracted        |     1 |       |       ||     1
         Held in net/web   |       |       |     1 ||     1
 Armour: Skin              |    12 |    22 |    50 ||    84
  Dodge: Dodged            |    23 |    93 |   108 ||   224
  Block: Buckler           |    11 |    35 |    32 ||    78
   Form: Beast             |     2 |       |       ||     2
                           |     1 |       |       ||     1
